[Event "FIDE WSTC Open 65 2025"]
[Site "Prague"]
[Date "2025.02.21"]
[Round "5.22"]
[White "Van Egmond, Rogier"]
[Black "Huss, Andreas"]
[Result "0-1"]
[Annotator "ChessBase"]
[ECO "D02"]
[WhiteElo "2057"]
[BlackElo "2202"]
[PlyCount "48"]
[EventDate "2025.02.17"]
[EventType "team-tourn"]
[EventCountry "CZE"]
[SourceTitle "playchess.com"]
[Source "ChessBase"]
[SourceQuality "1"]
[TimeControl "40/5400+30:1800+30"]

1. d4 e6 2. Nf3 Nf6 3. g3 c5 4. Bg2 cxd4 5. O-O d5 6. Nxd4 Bc5 7. Nb3 Bb6 8. c4 O-O 9. cxd5 exd5 10. Bg5 d4 11. N1d2 h6 12. Bf4 Nc6 13. Nc4 Be6 14. Rc1 Nh5 15. Bd2 Re8 16. Bxc6 bxc6 17. Nca5 Bg4 18. Nxc6 Qd7 19. f3 d3+ 20. e3 Rxe3 21. Bxe3 Bxe3+ 22. Kh1 Nxg3+ 23. Kg2 Nxf1 24. fxg4 Bxc1 0-1

[Event "FIDE WSTC Open 65 2025"]
[Site "Prague"]
[Date "2025.02.21"]
[Round "5.23"]
[White "Vucenovic, Dragomir"]
[Black "Baarslag, Ed"]
[Result "0-1"]
[Annotator "ChessBase"]
[ECO "A46"]
[WhiteElo "2128"]
[BlackElo "2005"]
[PlyCount "90"]
[EventDate "2025.02.17"]
[EventType "team-tourn"]
[EventCountry "CZE"]
[SourceTitle "playchess.com"]
[Source "ChessBase"]
[SourceQuality "1"]
[TimeControl "40/5400+30:1800+30"]

1. d4 Nf6 2. Bf4 e6 3. e3 c5 4. c3 cxd4 5. exd4 Be7 6. Nd2 O-O 7. Ngf3 b6 8. Bd3 Ba6 9. Bxa6 Nxa6 10. Qe2 Nc7 11. O-O d6 12. Ne4 Nxe4 13. Qxe4 b5 14. a4 a6 15. Ra2 Qd7 16. Rfa1 f5 17. Qe2 Qc6 18. axb5 axb5 19. Rxa8 Rxa8 20. Rxa8+ Qxa8 21. h4 Qd5 22. Bg5 Bxg5 23. Nxg5 h6 24. Nf3 Kf7 25. Ne1 Ne8 26. Nd3 Qe4 27. Qxe4 fxe4 28. Ne1 Kf6 29. Nc2 d5 30. Ne3 Nd6 31. g4 Nc4 32. Nd1 e5 33. Ne3 Ke6 34. Nf5 g6 35. Nxh6 exd4 36. cxd4 Nxb2 37. h5 gxh5 38. gxh5 b4 39. Ng4 Nc4 40. h6 Kf7 41. h7 Kg7 42. Nf6 Nb6 43. Nh5+ Kxh7 44. Nf4 b3 45. Ne2 Na4 0-1

[Event "FIDE WSTC Open 65 2025"]
[Site "Prague"]
[Date "2025.02.21"]
[Round "5.24"]
[White "Ten Hacken, Jos"]
[Black "Hohler, Peter"]
[Result "1/2-1/2"]
[Annotator "NA"]
[ECO "E28"]
[WhiteElo "2020"]
[BlackElo "2045"]
[PlyCount "81"]
[EventDate "2025.02.17"]
[EventType "team-tourn"]
[EventCountry "CZE"]
[SourceTitle "playchess.com"]
[Source "ChessBase"]
[SourceQuality "1"]
[TimeControl "40/5400+30:1800+30"]

1. d4 Nf6 2. c4 e6 3. Nc3 Bb4 4. e3 O-O 5. a3 Bxc3+ 6. bxc3 c5 7. Bd3 d6 8. Ne2 e5 9. f3 Re8 10. O-O Nbd7 11. Ng3 Nf8 12. Rb1 Rb8 13. Qc2 Ng6 14. dxc5 dxc5 15. Ne4 Nxe4 16. Bxe4 Be6 17. Rd1 Qc7 18. Bd5 Nf8 19. e4 Nd7 20. Be3 Nb6 21. Rb5 Bxd5 22. cxd5 Nc4 23. Qe2 Nxe3 24. Qxe3 b6 25. c4 Red8 26. Qc3 f6 27. Rdb1 Rd6 28. a4 h6 29. a5 Kh7 30. Qb2 h5 31. g3 g5 32. Kg2 Kh6 33. Qd2 Kh7 34. h3 Qd7 35. Qb2 Qc7 36. Qd2 Rg8 37. Qb2 Rb8 38. Qf2 Rg8 39. Qe3 Rc8 40. Qc3 Rg8 41. Kh2 1/2-1/2

[Event "FIDE WSTC Open 65 2025"]
[Site "Prague"]
[Date "2025.02.21"]
[Round "5.25"]
[White "Jurek, Josef"]
[Black "Binham, Timothy F."]
[Result "1/2-1/2"]
[Annotator "RC"]
[ECO "D41"]
[WhiteElo "2160"]
[BlackElo "2250"]
[PlyCount "27"]
[EventDate "2025.02.17"]
[EventType "team-tourn"]
[EventCountry "CZE"]
[SourceTitle "playchess.com"]
[Source "ChessBase"]
[SourceQuality "1"]
[TimeControl "40/5400+30:1800+30"]

1. Nf3 c5 2. c4 Nf6 3. Nc3 d5 4. cxd5 Nxd5 5. e3 e6 6. d4 Nc6 7. Bc4 cxd4 8. exd4 Be7 9. O-O O-O 10. a3 Nxc3 11. bxc3 b6 12. Qd3 Bb7 13. Bb3 Bf6 14. Bc2 1/2-1/2

[Event "FIDE WSTC Open 65 2025"]
[Site "Prague"]
[Date "2025.02.21"]
[Round "5.26"]
[White "Henttinen, Markku I.O."]
[Black "Netusil, Miloslav"]
[Result "1/2-1/2"]
[Annotator "RC"]
[ECO "D06"]
[WhiteElo "2223"]
[BlackElo "2121"]
[PlyCount "119"]
[EventDate "2025.02.17"]
[EventType "team-tourn"]
[EventCountry "CZE"]
[SourceTitle "playchess.com"]
[Source "ChessBase"]
[SourceQuality "1"]
[TimeControl "40/5400+30:1800+30"]

1. d4 d5 2. c4 Bf5 3. cxd5 Bxb1 4. Qa4+ c6 5. dxc6 Nxc6 6. Rxb1 e5 7. Bd2 exd4 8. g3 Bc5 9. Bg2 Nge7 10. Rc1 Bb6 11. Rxc6 Nxc6 12. Bxc6+ bxc6 13. Qxc6+ Kf8 14. Nf3 Rc8 15. Qa4 h5 16. h4 Qd5 17. O-O f6 18. Rd1 Kf7 19. Be3 Rhd8 20. Bf4 Qc4 21. Qa3 Bc5 22. Qd3 Qxd3 23. Rxd3 Bb6 24. Bd2 Rc2 25. Rb3 Rc4 26. Kf1 Rd5 27. Ra3 Ke6 28. Ne1 g5 29. Nd3 Kf5 30. b3 Rc8 31. b4 Rc2 32. Ke1 Kg4 33. Kd1 Rc8 34. Rb3 gxh4 35. gxh4 Bc7 36. f4 Kf5 37. Nf2 Rg8 38. Rd3 Rdd8 39. Rf3 Rg2 40. Be1 Rh2 41. Ra3 Bb6 42. Nd3 Re8 43. Bf2 Rh1+ 44. Kd2 Rb1 45. Kc2 Rh1 46. Kd2 Rc8 47. Be1 Rc4 48. Ra6 Rc7 49. a4 Re7 50. Bf2 Ra1 51. Nc1 Bc7 52. Bxd4 Rd7 53. Rxf6+ Ke4 54. e3 Rxd4+ 55. exd4 Bxf4+ 56. Rxf4+ Kxf4 57. a5 Ke4 58. Kc2 Kd5 59. Kb2 Ra4 60. Kb3 1/2-1/2

[Event "FIDE WSTC Open 65 2025"]
[Site "Prague"]
[Date "2025.02.21"]
[Round "5.27"]
[White "Hosticka, Frantisek"]
[Black "Westerinen, Heikki M.J."]
[Result "1/2-1/2"]
[Annotator "ChessBase"]
[ECO "C20"]
[WhiteElo "2059"]
[BlackElo "2213"]
[PlyCount "93"]
[EventDate "2025.02.17"]
[EventType "team-tourn"]
[EventCountry "CZE"]
[SourceTitle "playchess.com"]
[Source "ChessBase"]
[SourceQuality "1"]
[TimeControl "40/5400+30:1800+30"]

1. e4 e5 2. Bb5 Nf6 3. d3 c6 4. Ba4 d5 5. Nd2 dxe4 6. dxe4 Na6 7. c3 Nc5 8. Bc2 Nd3+ 9. Bxd3 Qxd3 10. Qe2 Qxe2+ 11. Nxe2 Bd6 12. Ng3 Be6 13. Nf5 Bf8 14. f3 O-O-O 15. Nb3 Nd7 16. O-O g6 17. Ng3 Bc4 18. Rd1 Be7 19. Be3 Nb6 20. Nc5 f6 21. b3 Bf7 22. Kf1 Na8 23. Ke1 b6 24. Na4 Nc7 25. Rxd8+ Rxd8 26. Rd1 Nb5 27. Rxd8+ Kxd8 28. Ne2 c5 29. c4 Nd4 30. Nac3 Kd7 31. Nd5 Bd8 32. Kd2 f5 33. Nec3 f4 34. Bf2 g5 35. Kd3 h5 36. h3 Be6 37. b4 g4 38. hxg4 hxg4 39. fxg4 Bxg4 40. bxc5 bxc5 41. g3 Bh3 42. gxf4 Bf1+ 43. Ke3 exf4+ 44. Kxf4 Bxc4 45. Ke5 Nc6+ 46. Kf5 Nd4+ 47. Ke5 1/2-1/2

[Event "FIDE WSTC Open 65 2025"]
[Site "Prague"]
[Date "2025.02.21"]
[Round "5.28"]
[White "Joentausta, Hannu"]
[Black "Groh, Jiri"]
[Result "1/2-1/2"]
[Annotator "ChessBase"]
[ECO "D58"]
[WhiteElo "2097"]
[BlackElo "1989"]
[PlyCount "99"]
[EventDate "2025.02.17"]
[EventType "team-tourn"]
[EventCountry "CZE"]
[SourceTitle "playchess.com"]
[Source "ChessBase"]
[SourceQuality "1"]
[TimeControl "40/5400+30:1800+30"]

1. d4 d5 2. c4 e6 3. Nc3 Nf6 4. Bg5 Be7 5. e3 h6 6. Bh4 O-O 7. Nf3 b6 8. Rc1 Bb7 9. Bxf6 Bxf6 10. cxd5 exd5 11. Bd3 a6 12. O-O Nd7 13. e4 dxe4 14. Bxe4 Bxe4 15. Nxe4 c5 16. dxc5 Nxc5 17. Qxd8 Raxd8 18. Nxf6+ gxf6 19. g3 Rfe8 20. Rfe1 a5 21. Rxe8+ Rxe8 22. Kf1 Nd3 23. Rc6 Re6 24. Rc8+ Kg7 25. b3 Re4 26. Rc3 Nc5 27. Nd2 Re6 28. Nc4 a4 29. Ne3 Ne4 30. Rc2 axb3 31. axb3 Nc5 32. b4 Nd3 33. Rc4 Ne5 34. Rc7 Kg6 35. f4 Rc6 36. Rxc6 Nxc6 37. Nd5 Kf5 38. b5 Nd4 39. Nxb6 Nxb5 40. Nd5 Nd6 41. Kg2 Ke6 42. Nc3 f5 43. Kf3 Nc4 44. Ke2 Nb6 45. Kd3 Nd7 46. Ne2 Nc5+ 47. Ke3 Kf6 48. Nd4 Kg6 49. Kf3 Nd3 50. Ke2 1/2-1/2

[Event "FIDE WSTC Open 65 2025"]
[Site "Prague"]
[Date "2025.02.21"]
[Round "5.29"]
[White "Primbetov, Marat"]
[Black "Ogaard, Leif"]
[Result "1/2-1/2"]
[Annotator "RC"]
[ECO "B02"]
[WhiteElo "2103"]
[BlackElo "2358"]
[PlyCount "30"]
[EventDate "2025.02.17"]
[EventType "team-tourn"]
[EventCountry "CZE"]
[SourceTitle "playchess.com"]
[Source "ChessBase"]
[SourceQuality "1"]
[TimeControl "40/5400+30:1800+30"]

1. e4 Nf6 2. Nc3 d5 3. exd5 Nxd5 4. Bc4 e6 5. Nf3 Be7 6. O-O Nb6 7. Be2 O-O 8. d4 c5 9. Be3 cxd4 10. Qxd4 Nc6 11. Qxd8 Rxd8 12. Rad1 Bd7 13. a3 Be8 14. Rxd8 Rxd8 15. Rd1 Rxd1+ 1/2-1/2

[Event "FIDE WSTC Open 65 2025"]
[Site "Prague"]
[Date "2025.02.21"]
[Round "5.30"]
[White "Heim, Sverre"]
[Black "Nasybullin, Vladislav"]
[Result "1/2-1/2"]
[Annotator "RC"]
[ECO "E04"]
[WhiteElo "2312"]
[BlackElo "2339"]
[PlyCount "61"]
[EventDate "2025.02.17"]
[EventType "team-tourn"]
[EventCountry "CZE"]
[SourceTitle "playchess.com"]
[Source "ChessBase"]
[SourceQuality "1"]
[TimeControl "40/5400+30:1800+30"]

1. d4 Nf6 2. c4 e6 3. g3 d5 4. Nf3 dxc4 5. Bg2 c5 6. O-O Nc6 7. Na3 cxd4 8. Nxc4 Be7 9. a3 O-O 10. b4 Bd7 11. Bb2 Rc8 12. Rc1 Nd5 13. Nxd4 Nxd4 14. Qxd4 Bf6 15. Ne5 Bb5 16. Rxc8 Qxc8 17. Rc1 Qb8 18. Qc5 Bxe5 19. Bxe5 Qxe5 20. Qxb5 Qb2 21. Qc4 Qxa3 22. Bxd5 exd5 23. Qc3 Qa6 24. Qc5 Qxe2 25. Qxd5 Qb2 26. Rc7 Qxb4 27. Rxb7 Qa3 28. Qd7 a5 29. Ra7 Qc5 30. Ra6 g6 31. Qa4 1/2-1/2

[Event "FIDE WSTC Open 65 2025"]
[Site "Prague"]
[Date "2025.02.21"]
[Round "5.31"]
[White "Baimurzin, Aitkazy"]
[Black "Moen, Ole Christian"]
[Result "0-1"]
[Annotator "RC"]
[ECO "A21"]
[WhiteElo "1997"]
[BlackElo "2201"]
[PlyCount "136"]
[EventDate "2025.02.17"]
[EventType "team-tourn"]
[EventCountry "CZE"]
[SourceTitle "playchess.com"]
[Source "ChessBase"]
[SourceQuality "1"]
[TimeControl "40/5400+30:1800+30"]

1. c4 e5 2. g3 d6 3. Nc3 Nd7 4. Bg2 g6 5. e3 Bg7 6. Nge2 h5 7. h4 Ngf6 8. d3 O-O 9. b3 a5 10. Bb2 Re8 11. O-O Nc5 12. Qd2 c6 13. Rad1 Bg4 14. f3 Bf5 15. e4 Bd7 16. Kh2 Ne6 17. Nb1 c5 18. Nbc3 Nd4 19. Nxd4 exd4 20. Ne2 b5 21. Qc2 Rb8 22. Bc1 bxc4 23. dxc4 a4 24. Bf4 axb3 25. axb3 Qb6 26. Rb1 Rb7 27. Rfd1 Be6 28. Nc1 Nd7 29. Nd3 Be5 30. Bd2 Bg7 31. Bf4 Qc6 32. Re1 Ne5 33. Bxe5 dxe5 34. f4 Qc7 35. Qf2 Reb8 36. Qc2 Ra7 37. Rf1 exf4 38. gxf4 Bf6 39. Kg3 Qe7 40. Rh1 Ra3 41. e5 Bf5 42. Rb2 Bg7 43. Re1 Bh6 44. Be4 Bxe4 45. Rxe4 Qb7 46. Nc1 Ra1 47. Rb1 Ra6 48. Re1 Qd7 49. Qd1 Qf5 50. Nd3 Ra2 51. e6 fxe6 52. Rf1 Bf8 53. Qf3 Bd6 54. Nf2 Re2 55. Rfe1 Rxe1 56. Rxe1 Bxf4+ 57. Kg2 Be3 58. Ne4 Rxb3 59. Qxf5 gxf5 60. Nxc5 Rb2+ 61. Kf3 e5 62. Ra1 e4+ 63. Kg3 d3 64. Ne6 Kf7 65. Nd8+ Kf6 66. Ra6+ Rb6 67. Ra7 Rd6 68. Rf7+ Kg6 0-1

[Event "FIDE WSTC Open 65 2025"]
[Site "Prague"]
[Date "2025.02.21"]
[Round "5.32"]
[White "Bjerke, Richard"]
[Black "Blokhin, Alexey"]
[Result "1/2-1/2"]
[Annotator "NA"]
[ECO "A43"]
[WhiteElo "2037"]
[BlackElo "1829"]
[PlyCount "62"]
[EventDate "2025.02.17"]
[EventType "team-tourn"]
[EventCountry "CZE"]
[SourceTitle "playchess.com"]
[Source "ChessBase"]
[SourceQuality "1"]
[TimeControl "40/5400+30:1800+30"]

1. d4 c5 2. Nf3 cxd4 3. Nxd4 d5 4. g3 e5 5. Nb3 Nc6 6. Bg2 Be6 7. O-O f5 8. c3 Nf6 9. Bg5 a5 10. a4 e4 11. Na3 Bxa3 12. Rxa3 O-O 13. Nc5 Qe7 14. Nxe6 Qxe6 15. Rb3 d4 16. Rxb7 h6 17. Bxf6 Qxf6 18. f3 dxc3 19. Qb3+ Kh8 20. bxc3 exf3 21. Bxf3 Ne5 22. Rb6 Nxf3+ 23. exf3 Qe5 24. Re6 Qc5+ 25. Kg2 Rab8 26. Qc2 Qa3 27. Rf2 Rb3 28. Qd2 Rxc3 29. Rxh6+ gxh6 30. Qxh6+ Kg8 31. Qg6+ Kh8 1/2-1/2

[Event "FIDE WSTC Open 65 2025"]
[Site "Prague"]
[Date "2025.02.21"]
[Round "5.33"]
[White "Chubar, Vladimir"]
[Black "Kiss, Attila"]
[Result "0-1"]
[Annotator "RC"]
[ECO "D11"]
[WhiteElo "1885"]
[BlackElo "2276"]
[PlyCount "102"]
[EventDate "2025.02.17"]
[EventType "team-tourn"]
[EventCountry "CZE"]
[SourceTitle "playchess.com"]
[Source "ChessBase"]
[SourceQuality "1"]
[TimeControl "40/5400+30:1800+30"]

1. d4 d5 2. Nf3 Nf6 3. g3 c6 4. Bg2 Bf5 5. O-O e6 6. b3 Nbd7 7. c4 Be7 8. Nbd2 O-O 9. Bb2 a5 10. a3 h6 11. Re1 Qc7 12. Rc1 Rfd8 13. cxd5 exd5 14. Nh4 Bh7 15. Bh3 Re8 16. Bf5 Bxf5 17. Nxf5 Bf8 18. Qc2 Re6 19. e4 dxe4 20. Nxe4 Rae8 21. Nxf6+ Nxf6 22. Rxe6 Rxe6 23. Ne3 Qd8 24. Qf5 g6 25. Qf3 Bg7 26. Rd1 Rd6 27. Nc4 Rd5 28. a4 h5 29. Bc3 Ng4 30. h3 Rf5 31. Qxf5 gxf5 32. hxg4 fxg4 33. Bxa5 Qd5 34. Bb6 Qf3 35. Rb1 h4 36. gxh4 g3 37. Rb2 gxf2+ 38. Kf1 Bh6 39. a5 f6 40. Rxf2 Qxb3 41. Nb2 Bc1 42. Rxf6 Bxb2 43. Rf2 Qd3+ 44. Kg2 Bxd4 45. Bxd4 Qxd4 46. a6 Qg4+ 47. Kf1 Qc4+ 48. Kg2 Qxa6 49. Kg3 c5 50. Rf5 c4 51. Kf4 c3 0-1

[Event "FIDE WSTC Open 65 2025"]
[Site "Prague"]
[Date "2025.02.21"]
[Round "5.34"]
[White "Nemeth, Zoltan"]
[Black "Dovzhenko, Viktor"]
[Result "1-0"]
[Annotator "RC"]
[ECO "A53"]
[WhiteElo "2192"]
[BlackElo "2058"]
[PlyCount "215"]
[EventDate "2025.02.17"]
[EventType "team-tourn"]
[EventCountry "CZE"]
[SourceTitle "playchess.com"]
[Source "ChessBase"]
[SourceQuality "1"]
[TimeControl "40/5400+30:1800+30"]

1. Nf3 d6 2. d4 Bg4 3. g3 c6 4. Bg2 Nd7 5. h3 Bh5 6. c4 e5 7. Nc3 Be7 8. O-O Ngf6 9. e4 O-O 10. Be3 Re8 11. g4 Bg6 12. Nh4 a6 13. f4 exf4 14. Bxf4 b5 15. e5 dxe5 16. dxe5 Nxg4 17. Nxg6 Bc5+ 18. Kh1 Nf2+ 19. Rxf2 Bxf2 20. Bxc6 Ra7 21. Ne4 hxg6 22. Nxf2 Qb6 23. Bxd7 Qb7+ 24. Kg1 Qxd7 25. Qxd7 Rxd7 26. cxb5 axb5 27. Rd1 Rxd1+ 28. Nxd1 g5 29. Bxg5 Rxe5 30. Be3 b4 31. Kf1 f5 32. Bd2 Re4 33. Nf2 Rh4 34. b3 Kf7 35. Bg5 Rh8 36. Bd2 Rh4 37. Kg2 Rd4 38. Be3 Rd5 39. Kf3 Ra5 40. Nd3 Rxa2 41. Nxb4 Rb2 42. Nc6 Rxb3 43. Nd4 Ra3 44. Nxf5 Kf6 45. Kg4 g6 46. Bd4+ Ke6 47. Nh4 Ra4 48. Nf3 Kd5 49. Kf4 Rc4 50. Kg5 Ra4 51. Bf6 Ra3 52. Kg4 Ke6 53. Bd4 Ra4 54. Kf4 Kd5 55. Kg4 Rc4 56. Kg5 Ra4 57. Bg7 Ra3 58. Kf4 Ke6 59. h4 Kf7 60. Bb2 Rb3 61. Ne5+ Ke6 62. Bd4 Kd5 63. Nf3 Rb4 64. Kg5 Ke4 65. Kg4 Rb5 66. Bg7 Rf5 67. Ne5 Rf1 68. Kg5 Rg1+ 69. Kf6 Kf4 70. Bh6+ Ke4 71. Nxg6 Rb1 72. Bf4 Rb6+ 73. Kg5 Rb5+ 74. Be5 Rb1 75. Kg4 Kd5 76. Kf5 Rh1 77. Nf4+ Kc6 78. h5 Kd7 79. Kf6 Ke8 80. Kg7 Ke7 81. h6 Rxh6 82. Kxh6 Kd7 83. Kg6 Kc6 84. Kf5 Kd7 85. Ke4 Kc6 86. Kd4 Kd7 87. Kd5 Ke7 88. Kc6 Kd8 89. Kd6 Kc8 90. Nd5 Kb7 91. Kd7 Ka7 92. Kc6 Ka8 93. Nb6+ Ka7 94. Bf4 Ka6 95. Bb8 Ka5 96. Nd5 Ka6 97. Nb4+ Ka5 98. Kc5 Ka4 99. Kc4 Ka5 100. Bc7+ Ka4 101. Bd8 Ka3 102. Nd3 Ka4 103. Nb2+ Ka3 104. Kc3 Ka2 105. Nc4 Kb1 106. Bg5 Ka2 107. Kb4 Kb1 108. Kb3 1-0

[Event "FIDE WSTC Open 65 2025"]
[Site "Prague"]
[Date "2025.02.21"]
[Round "5.35"]
[White "Karnaukh, Anatolij"]
[Black "Dory, Jeno"]
[Result "1/2-1/2"]
[Annotator "NA"]
[ECO "E21"]
[WhiteElo "1983"]
[BlackElo "2143"]
[PlyCount "63"]
[EventDate "2025.02.17"]
[EventType "team-tourn"]
[EventCountry "CZE"]
[SourceTitle "playchess.com"]
[Source "ChessBase"]
[SourceQuality "1"]
[TimeControl "40/5400+30:1800+30"]

1. d4 Nf6 2. Nf3 e6 3. c4 b6 4. Nc3 Bb7 5. Qc2 Bb4 6. Bd2 O-O 7. e3 Bxc3 8. Bxc3 Ne4 9. Bb4 d6 10. Be2 Nd7 11. O-O c5 12. dxc5 bxc5 13. Be1 Qb6 14. Nd2 f5 15. f3 Nxd2 16. Bxd2 e5 17. Bd3 g6 18. f4 Rae8 19. Kh1 Nf6 20. h3 exf4 21. Rxf4 Ne4 22. Bxe4 Bxe4 23. Qc3 Qb7 24. Rf2 Qg7 25. Qxg7+ Kxg7 26. Bc3+ Kf7 27. Kg1 Ke6 28. Rd1 Rb8 29. Rfd2 Rfd8 30. Kf2 Rd7 31. b3 Rbb7 32. h4 1/2-1/2

[Event "FIDE WSTC Open 65 2025"]
[Site "Prague"]
[Date "2025.02.21"]
[Round "5.36"]
[White "Glatt, Gabor"]
[Black "Malienko, Alexander"]
[Result "1/2-1/2"]
[Annotator "RC"]
[ECO "C70"]
[WhiteElo "2146"]
[BlackElo "1911"]
[PlyCount "107"]
[EventDate "2025.02.17"]
[EventType "team-tourn"]
[EventCountry "CZE"]
[SourceTitle "playchess.com"]
[Source "ChessBase"]
[SourceQuality "1"]
[TimeControl "40/5400+30:1800+30"]

1. e4 e5 2. Nf3 Nc6 3. Bb5 a6 4. Ba4 f5 5. d3 fxe4 6. dxe4 Nf6 7. O-O d6 8. Nc3 Bg4 9. h3 Bh5 10. Qd3 Bxf3 11. Qxf3 Be7 12. Qe2 Rb8 13. Bxc6+ bxc6 14. Qxa6 Qd7 15. Qe2 O-O 16. b3 Kh8 17. Bg5 Ng8 18. Bd2 Bf6 19. Rad1 Ne7 20. Qg4 Qd8 21. Ne2 Ng6 22. Ng3 Qe8 23. Nh5 Rf7 24. Bc3 Qe7 25. Ng3 Nf4 26. Nf5 Qe8 27. g3 Ne6 28. Rde1 g6 29. Ne3 Ng5 30. Nc4 h5 31. Qe2 Nxh3+ 32. Kg2 Ng5 33. f4 exf4 34. Bxf6+ Rxf6 35. gxf4 Ne6 36. Qd2 Qf7 37. f5 gxf5 38. Rxf5 Qg6+ 39. Kh1 Rg8 40. Qf2 Rxf5 41. exf5 Qg4 42. Re3 Nf4 43. f6 Qd1+ 44. Kh2 Rg2+ 45. Qxg2 Nxg2 46. Re8+ Kh7 47. f7 Qxc2 48. Rh8+ Kxh8 49. f8=Q+ Kh7 50. Qf7+ Kh6 51. Qf8+ Kh7 52. Qf7+ Kh6 53. Qf6+ Kh7 54. Qf7+ 1/2-1/2

[Event "FIDE WSTC Open 65 2025"]
[Site "Prague"]
[Date "2025.02.21"]
[Round "5.37"]
[White "Wirthensohn, Heinz"]
[Black "Heinig, Wolfram"]
[Result "1-0"]
[Annotator "RC"]
[ECO "B13"]
[WhiteElo "2273"]
[BlackElo "2204"]
[PlyCount "53"]
[EventDate "2025.02.17"]
[EventType "team-tourn"]
[EventCountry "CZE"]
[SourceTitle "playchess.com"]
[Source "ChessBase"]
[SourceQuality "1"]
[TimeControl "40/5400+30:1800+30"]

1. Nf3 c5 2. c4 Nc6 3. Nc3 g6 4. e3 Nf6 5. d4 cxd4 6. exd4 d5 7. Bg5 Be6 8. Bxf6 exf6 9. c5 Bg7 10. Bb5 O-O 11. h3 Re8 12. O-O f5 13. Re1 Re7 14. Bxc6 bxc6 15. b4 Rb7 16. Rb1 Qb8 17. Qa4 a5 18. bxa5 Rxb1 19. Rxb1 Qc7 20. a6 Bf6 21. Rb7 Qf4 22. Ne2 Qe4 23. Ng3 Qd3 24. a7 Kg7 25. Rb8 Rxa7 26. Qxa7 f4 27. Nf1 1-0

[Event "FIDE WSTC Open 65 2025"]
[Site "Prague"]
[Date "2025.02.21"]
[Round "5.38"]
[White "Volkmer, Andreas"]
[Black "Sadeghi, Hassan Roger"]
[Result "1/2-1/2"]
[Annotator "ChessBase"]
[ECO "C50"]
[WhiteElo "2173"]
[BlackElo "2029"]
[PlyCount "86"]
[EventDate "2025.02.17"]
[EventType "team-tourn"]
[EventCountry "CZE"]
[SourceTitle "playchess.com"]
[Source "ChessBase"]
[SourceQuality "1"]
[TimeControl "40/5400+30:1800+30"]

1. e4 e5 2. Nf3 Nc6 3. Bc4 Be7 4. d4 d6 5. h3 Nf6 6. Nc3 O-O 7. Bb3 exd4 8. Nxd4 Na5 9. Nf3 Re8 10. O-O Nxb3 11. axb3 Bd7 12. Re1 Bf8 13. Qd4 a6 14. Bg5 Be7 15. Rad1 h6 16. Bc1 Bf8 17. Qd3 Qc8 18. Nd4 g6 19. f4 Bg7 20. e5 dxe5 21. fxe5 Nh7 22. Bf4 c5 23. Nf3 Bf5 24. Qe2 g5 25. Bg3 g4 26. hxg4 Bxg4 27. Nd5 Qc6 28. c4 f6 29. Qe4 Bxf3 30. Qxf3 fxe5 31. Qf5 Qc8 32. Qh5 Ng5 33. Nb6 Qf5 34. Nxa8 Rxa8 35. Rd5 Rf8 36. Qe2 Nf7 37. Qe3 b6 38. Rf1 Qg6 39. Bxe5 Nxe5 40. Rxf8+ Kxf8 41. Rxe5 Bxe5 42. Qxe5 Qg5 43. Qb8+ Kf7 1/2-1/2

[Event "FIDE WSTC Open 65 2025"]
[Site "Prague"]
[Date "2025.02.21"]
[Round "5.39"]
[White "Zuelle, Bruno"]
[Black "Schulz, Michael"]
[Result "0-1"]
[Annotator "ChessBase"]
[ECO "A29"]
[WhiteElo "2038"]
[BlackElo "2115"]
[PlyCount "86"]
[EventDate "2025.02.17"]
[EventType "team-tourn"]
[EventCountry "CZE"]
[SourceTitle "playchess.com"]
[Source "ChessBase"]
[SourceQuality "1"]
[TimeControl "40/5400+30:1800+30"]

1. c4 e5 2. Nc3 Nf6 3. g3 d5 4. cxd5 Nxd5 5. Bg2 Nb6 6. Nf3 Nc6 7. O-O Be7 8. d3 O-O 9. Be3 Re8 10. a3 Bf8 11. Rc1 a5 12. Na4 Nd4 13. Nxb6 cxb6 14. Nxd4 exd4 15. Bf4 Bc5 16. Re1 a4 17. Rc4 Qd7 18. e4 Qb5 19. Rc2 Be6 20. Rd2 Qd7 21. e5 h6 22. h4 Be7 23. h5 b5 24. Bf3 b4 25. Qa1 Rac8 26. Rc1 Rxc1+ 27. Qxc1 Rc8 28. Qa1 b5 29. axb4 Bxb4 30. Rd1 Bd5 31. Bxd5 Qxd5 32. Rc1 Rc5 33. Rxc5 Qxc5 34. Qd1 Qc6 35. Qg4 a3 36. bxa3 Bxa3 37. Bd2 Bc5 38. f4 Qe6 39. Qf3 Qa2 40. Qc6 Qxd2 41. Qxc5 Qxd3 42. Qc8+ Kh7 43. Qg4 b4 0-1

[Event "FIDE WSTC Open 65 2025"]
[Site "Prague"]
[Date "2025.02.21"]
[Round "5.40"]
[White "Raitza, Olaf"]
[Black "Erismann, Peter"]
[Result "1/2-1/2"]
[Annotator "NA"]
[ECO "B45"]
[WhiteElo "2037"]
[BlackElo "2013"]
[PlyCount "72"]
[EventDate "2025.02.17"]
[EventType "team-tourn"]
[EventCountry "CZE"]
[SourceTitle "playchess.com"]
[Source "ChessBase"]
[SourceQuality "1"]
[TimeControl "40/5400+30:1800+30"]

1. e4 c5 2. Nf3 e6 3. d4 cxd4 4. Nxd4 Nf6 5. Nc3 Nc6 6. Ndb5 Bb4 7. a3 Bxc3+ 8. Nxc3 d5 9. exd5 exd5 10. Bd3 O-O 11. O-O d4 12. Ne4 Bf5 13. Bg5 Bxe4 14. Bxe4 h6 15. Bxf6 Qxf6 16. Re1 Rfe8 17. Qd2 Rac8 18. Rad1 Qg5 19. Qxg5 hxg5 20. Kf1 Kf8 21. Bxc6 Rxc6 22. Rxe8+ Kxe8 23. Rd2 Ke7 24. Ke2 Ke6 25. Kd3 Kd5 26. Re2 Re6 27. Rxe6 fxe6 28. f3 b5 29. b4 Ke5 30. g3 Kd5 31. c3 dxc3 32. Kxc3 Ke5 33. h3 Kd5 34. Kd3 Ke5 35. Ke3 Kd5 36. Kd3 Ke5 1/2-1/2

[Event "FIDE WSTC Open 65 2025"]
[Site "Prague"]
[Date "2025.02.21"]
[Round "5.41"]
[White "Jansa, Vlastimil"]
[Black "Kozak, Milos"]
[Result "1/2-1/2"]
[Annotator "RC"]
[ECO "B15"]
[WhiteElo "2267"]
[BlackElo "2047"]
[PlyCount "36"]
[EventDate "2025.02.17"]
[EventType "team-tourn"]
[EventCountry "CZE"]
[SourceTitle "playchess.com"]
[Source "ChessBase"]
[SourceQuality "1"]
[TimeControl "40/5400+30:1800+30"]

1. e4 c6 2. d4 d5 3. Nd2 dxe4 4. Nxe4 Nf6 5. Nxf6+ exf6 6. c3 Bd6 7. Bd3 O-O 8. Qc2 Re8+ 9. Ne2 h5 10. Be3 Nd7 11. O-O-O Nf8 12. c4 Be6 13. Kb1 Rc8 14. h3 b5 15. c5 Bb8 16. g4 h4 17. Nf4 Bxf4 18. Bxf4 Bd5 1/2-1/2

[Event "FIDE WSTC Open 65 2025"]
[Site "Prague"]
[Date "2025.02.21"]
[Round "5.42"]
[White "Chaloupka, Vladimir"]
[Black "Polasek, Jaroslav"]
[Result "1/2-1/2"]
[Annotator "RC"]
[ECO "A97"]
[WhiteElo "2064"]
[BlackElo "2344"]
[PlyCount "31"]
[EventDate "2025.02.17"]
[EventType "team-tourn"]
[EventCountry "CZE"]
[SourceTitle "playchess.com"]
[Source "ChessBase"]
[SourceQuality "1"]
[TimeControl "40/5400+30:1800+30"]

1. d4 e6 2. c4 f5 3. g3 Nf6 4. Bg2 Be7 5. Nf3 O-O 6. O-O d6 7. Nc3 Qe8 8. Re1 Nc6 9. e4 fxe4 10. Nxe4 Nxe4 11. Rxe4 Qg6 12. Qe2 Bf6 13. d5 exd5 14. cxd5 Ne5 15. Nxe5 Bxe5 16. Be3 1/2-1/2

[Event "FIDE WSTC Open 65 2025"]
[Site "Prague"]
[Date "2025.02.21"]
[Round "5.43"]
[White "Spacek, Petr"]
[Black "Benes, Petr"]
[Result "1/2-1/2"]
[Annotator "RC"]
[ECO "A56"]
[WhiteElo "2273"]
[BlackElo "2069"]
[PlyCount "82"]
[EventDate "2025.02.17"]
[EventType "team-tourn"]
[EventCountry "CZE"]
[SourceTitle "playchess.com"]
[Source "ChessBase"]
[SourceQuality "1"]
[TimeControl "40/5400+30:1800+30"]

1. d4 Nf6 2. c4 c5 3. d5 e5 4. Nc3 d6 5. e4 Be7 6. h3 a6 7. Be3 Nbd7 8. a3 h6 9. Bd3 Nh7 10. Nf3 Ng5 11. Nd2 Nh7 12. Nf3 Ng5 13. Nh2 Nh7 14. Nf1 Bg5 15. Qe2 Nhf8 16. g3 Bxe3 17. Nxe3 Ng6 18. O-O-O Ne7 19. h4 Rb8 20. Rdf1 h5 21. f3 Kf8 22. Rh2 Kg8 23. f4 Ng6 24. f5 Ngf8 25. g4 hxg4 26. Nxg4 Nf6 27. Rg1 Nxg4 28. Qxg4 Rh7 29. Rhg2 Nd7 30. Be2 Qf6 31. Kb1 Qh6 32. Qg5 Qxg5 33. hxg5 Kf8 34. Bd1 b5 35. cxb5 axb5 36. Be2 c4 37. g6 fxg6 38. fxg6 Rh4 39. Rg4 Rh6 40. R4g3 Nf6 41. Bf3 Bd7 1/2-1/2